 Dungeon Crawl Stone Soup version 0.16-a0-223-g37887f7 (webtiles) character file.

410 Ratboiler the Shield-Bearer (level 6, -3/57 HPs)
             Began as a Deep Dwarf Fighter on Aug 19, 2014.
             Splashed by a jelly's acid (13 damage)
             ... on Level 5 of the Dungeon.
             The game lasted 00:17:18 (3109 turns).

Ratboiler the Shield-Bearer (Deep Dwarf Fighter)    Turns: 3109, Time: 00:17:18

HP  -3/57        AC  8     Str 21      XL: 6   Next: 58%
MP   6/6         EV  8     Int 16      God:
Gold 249         SH 10     Dex 14      Spells:  0 memorised,  5 levels left

rFire  + . .     SeeInvis .     a - +0 long sword
rCold  . . .     Clarity  .     y - +2 ring mail "Motuoc" {rN+ Str+2 Int+3}
rNeg   + . .     rCorr    .     c - +0 shield
rPois  .         rRot     .     (no helmet)
rElec  .         Spirit   .     (no cloak)
SustAb .         Warding  .     (no gloves)
rMut   .         Stasis   .     (no boots)
Gourm  .                        (no amulet)
MR     .....                    s - +4 ring of intelligence
                                x - ring of protection from fire

@: non-regenerating, not resistant to hostile enchantments, very unstealthy
A: damage resistance, recharge devices, sense surroundings 1, slow healing 3
a: Device Recharging


You were on level 5 of the Dungeon.
You were not hungry.

You visited 1 branch of the dungeon, and saw 5 of its levels.

You collected 249 gold pieces.

Inventory:

Hand weapons
 a - a +0 long sword (weapon)
 j - a +0 great sword
Missiles
 i - 7 stones (quivered)
Armour
 c - a +0 shield (worn)
 t - a +0 chain mail
 y - the +2 ring mail "Motuoc" (worn) {rN+ Str+2 Int+3}
   (You found it on level 4 of the Dungeon)

   It affects your strength (+2).
   It affects your intelligence (+3).
   It protects you from negative energy.
Magical devices
 d - a wand of heal wounds (0)
Comestibles
 f - 3 bread rations
 r - a meat ration
Scrolls
 g - 4 scrolls of remove curse
 k - a scroll of identify
 m - 4 scrolls of teleportation
 o - a scroll of amnesia
 w - a scroll of magic mapping {unknown}
Jewellery
 b - an uncursed ring of ice
 s - a +4 ring of intelligence (right hand)
 x - a ring of protection from fire (left hand)
Potions
 e - a potion of might
 h - 4 potions of curing
 l - a potion of cure mutation
 n - a potion of resistance
 q - 2 potions of cancellation
 u - a potion of magic {unknown}
 v - a potion of heal wounds
 A - a potion of brilliance {unknown}
Books
 p - a book of Conjurations

   Spells                             Type                      Level
   Magic Dart                         Conjuration                  1
   Searing Ray                        Conjuration                  2
   Dazzling Spray                     Conjuration/Hexes            3
   Fulminant Prism                    Conjuration/Hexes            4
   Iskenderun's Mystic Blast          Conjuration                  4
   Iskenderun's Battlesphere          Conjuration/Charms           5


   Skills:
 + Level 3.7 Fighting
 * Level 4.3 Long Blades
 + Level 4.4 Armour
 + Level 2.4 Dodging
 + Level 4.5 Shields


You had 5 spell levels left.
You didn't know any spells.

Dungeon Overview and Level Annotations

Branches:
Dungeon (5/15)
 Temple: D:4-7

Altars:
Xom

Annotations:
D:3 Poody's ghost, average MfGl
D:4 l0ser140's ghost, average OpTm


Innate Abilities, Weirdness & Mutations

You are resistant to damage.
You can recharge devices by infusing magical energy.
You passively map a small area around you.
You do not heal naturally.


Message History

Aim: a jelly (lightly wounded)
You throw a stone.
The stone hits the jelly but does no damage.
The jelly is lightly wounded.
Throwing (i - inventory):
i - 9 stones (quivered)
Press: ? - help, Shift-Dir - straight line, f/p - jelly
Aim: a jelly (lightly wounded)
You throw a stone.
The stone hits the jelly but does no damage.
The jelly is lightly wounded.
Throwing (i - inventory):
i - 8 stones (quivered)
Press: ? - help, Shift-Dir - straight line, f/p - jelly
Aim: a jelly (lightly wounded)
You throw a stone.
The stone hits the jelly but does no damage.
The jelly is lightly wounded.
You see here a flail.
You hear a slurping noise.
The jelly hits you.
You are splashed with acid!
The acid burns!
You die...

, ,, *#.# ### ### . **#.#### #..
... .. *, *###....# #.# *#.# ,..#
* ,, ......# #.# #.# ..# #....#
#.# #.# ...#
###########.#.####.#####.##...#
...........J....##....<.......##.
###########.###J##..##...........
#......(...# #.@)..###..##..###.
#.########.###.##(## #..........
#.# #.....##(# #..###.###.
#>##########.####(# #..#
#.........##.# #.#* #... ,
#########.##.# #......... #...#.#
#######.## * * ####..# #.. , ≈≈ ≈
≈ #..# ### *


You could see a jelly.

Vanquished Creatures
  An ogre (D:4)
  A crimson imp (D:3)
  An iguana (D:4)
  An orc wizard (D:4)
  Jessica (D:2)
  A hound skeleton (D:3)
  3 gnolls (D:3)
  6 adders
  5 worms
  2 giant geckos (D:2)
  10 orcs
  2 ball pythons
  9 bats
  4 giant cockroaches
  10 hobgoblins
  2 quokkas
  3 giant newts
  A gnoll skeleton (D:4)
  5 goblins
  8 kobolds
  10 rats
86 creatures vanquished.

Notes
Turn   | Place    | Note
--------------------------------------------------------------
     0 | D:1      | Ratboiler, the Deep Dwarf Fighter, began the quest for the Orb.
     0 | D:1      | Reached XP level 1. HP: 20/20 MP: 1/1
   193 | D:1      | Reached XP level 2. HP: 24/27 MP: 2/2
   621 | D:2      | Noticed Jessica
   700 | D:2      | Killed Jessica
   700 | D:2      | Reached XP level 3. HP: 17/34 MP: 3/3
   740 | D:2      | Reached skill level 1 in Dodging
   930 | D:2      | Reached XP level 4. HP: 11/42 MP: 4/4
  1157 | D:3      | Noticed Poody's ghost (average MfGl)
  1339 | D:3      | Reached skill level 4 in Shields
  1431 | D:3      | Reached XP level 5. HP: 23/49 MP: 5/5
  1794 | D:4      | Noticed an ogre
  2177 | D:4      | Reached XP level 6. HP: 34/56 MP: 6/6
  2239 | D:4      | Killed an ogre
  2256 | D:4      | Got a twisted ring mail
  2257 | D:4      | Identified the +2 ring mail "Motuoc" {rN+ Str+2 Int+3} (You found it on level 4 of the Dungeon)
  2284 | D:4      | Found a shimmering altar of Xom.
  2854 | D:4      | Noticed l0ser140's ghost (average OpTm)
  3012 | D:5      | Entered Level 5 of the Dungeon
  3109 | D:5      | Splashed by a jelly's acid

Action                   |  1- 3 |  4- 6 || total
-------------------------+-------+-------++-------
Melee: Long sword        |   116 |   250 ||   366
Throw: Stone             |       |    16 ||    16
Evoke: Wand              |     1 |     4 ||     5
  Use: Scroll            |       |    13 ||    13
  Eat: Chunk             |       |     7 ||     7
       Beef jerky        |       |     1 ||     1
